 Dungeon Crawl Stone Soup version bcrawl-1.40.3b (webtiles) character file.

Game seed: 11855774524208536573

9455213 yrara the Bludgeoner (level 17, -1/150 HPs)
             Began as a Demonspawn Fighter on Feb 22, 2024.
             Was an Initiate of Gozag.
             Slain by a tentacle (7 damage)
             ... attached to a kraken
             ... on level 2 of the Shoals.
             The game lasted 00:30:50 (29953 turns).

yrara the Bludgeoner (Demonspawn Fighter)          Turns: 29953, Time: 00:30:51

Health: -1/150     AC: 42    Str: 26    XL:     17   Next: 88%
Magic:  0/17       EV: 12    Int: 16    God:    Gozag
Gold:   1390       SH:  0    Dex: 27    Spells: 16/16 levels left

rFire    + . .     GDR:     44% a - +10 eveningstar of the Lair of Beasts {crush, rElec rN+}
rCold    + + .     SeeInvis +   (no shield)
rNeg     + + +     Gourm    .   Q - +8 chain mail of the Unbroken {+Inv}
rPois    .         Faith    .   u - +0 hat of the Valley {rF+ Str+5}
rElec    +         Spirit   +   J - +2 cloak of a Billion Yaks {rN+ Dex+2 Slay+3}
rCorr    +         Reflect  .   v - +2 pair of gloves {Dex+3}
MR       +....     Rnd*Rage +   (boots unavailable)
Stlth    ..........             G - amulet of Meabb {Acrobat rC+ rN+ Slay+3}
HPRegen  0.35/turn              E - ring of Life {rElec rN+ Int+6 SInv}
MPRegen  0.30/turn              c - +5 ring of dexterity

@: very slow
A: hooves 3, yellow scales 3, agile 1, berserk 1, cold resistance 1, icemail,
robust 1, magic shield, magic regeneration, freezing cloud immunity, MP-powered
wands
}: 1/15 runes: serpentine
a: Potion Petition, Call Merchant, Bribe Branch, Renounce Religion, Evoke
Invisibility


You were on level 2 of the Shoals.
You worshipped Gozag.
Gozag was most pleased with you.
You were hungry.

You visited 7 branches of the dungeon, and saw 26 of its levels.
You also visited: Bailey and Ice Cave.

You collected 13157 gold pieces.
You spent 4261 gold pieces at shops.
You paid 7506 gold pieces to Gozag.

Inventory:

Hand Weapons
 a - the +10 eveningstar of the Lair of Beasts (weapon) {crush, rElec rN+}
   (You bought it in a shop on level 5 of the Dungeon)

   It will always inflict at least some extra damage.
   This minimum extra damage increases with your current reserve of magical
   power.
   It insulates you from electricity.
   It protects you from negative energy.
 b - a +9 longbow of velocity
Missiles
 f - 5378 arrows
 F - 6 throwing nets {=f}
Armour
 u - the +0 hat of the Valley (worn) {rF+ Str+5}
   (You bought it in a shop on level 3 of the Lair of Beasts)

   It affects your strength (+5).
   It protects you from fire.
 v - a +2 pair of gloves of dexterity (worn)
 J - the +2 cloak of a Billion Yaks (worn) {rN+ Dex+2 Slay+3}
   (You bought it in a shop on level 1 of the Shoals)

   It affects your dexterity (+2).
   It affects your accuracy and damage with ranged weapons and melee attacks
   (+3).
   It protects you from negative energy.
 Q - the +8 chain mail of the Unbroken (worn) {+Inv}
   (You bought it in a shop on level 1 of the Shoals)

   It lets you turn invisible.
 S - the +1 plate armour "Dage Dou" {*Drain +Blink +Inv Str+4}
   (You found it on level 2 of the Lair of Beasts)

   It affects your strength (+4).
   It lets you turn invisible.
   It lets you blink.
   It causes draining when unequipped.
Jewellery
 c - a +5 ring of dexterity (right hand)
 l - an uncursed ring of protection from magic
 A - a +2 ring of evasion
 E - the ring of Life (left hand) {rElec rN+ Int+6 SInv}
   (You acquired it on level 10 of the Dungeon)

   [ring of intelligence]

   It affects your intelligence (+6).
   It insulates you from electricity.
   It protects you from negative energy.
   It lets you see invisible.
 G - the amulet of Meabb (around neck) {Acrobat rC+ rN+ Slay+3}
   (You bought it in a shop on level 11 of the Dungeon)

   [amulet of the acrobat]

   It helps you evade while moving and waiting.
   It affects your accuracy and damage with ranged weapons and melee attacks
   (+3).
   It protects you from cold.
   It protects you from negative energy.
 I - an uncursed ring of flight
 K - a +6 amulet of reflection
 M - an uncursed ring of protection from fire
 T - an uncursed ring of positive energy
Wands
 i - a wand of clouds (3)
 q - a wand of paralysis (15)
 s - a wand of iceblast (36)
 w - a wand of flame (9)
 y - a wand of random effects (20)
 C - a wand of digging (8)
 H - a wand of charming (26)
 U - a wand of acid (13)
 V - a wand of scattershot (6)
Scrolls
 d - 3 scrolls of revelation
 h - 15 scrolls of remove curse
 m - 17 scrolls of teleportation
 r - 3 scrolls of blinking
 x - 2 scrolls of fog
 D - 2 scrolls of enchant armour
 L - 3 scrolls of amnesia
 O - 2 scrolls of fear
 R - 2 scrolls of enchant weapon
 W - a scroll of summoning
 X - a scroll of silence
Potions
 g - 3 potions of resistance
 j - 2 potions of cancellation
 k - 3 potions of flight
 n - 4 potions of haste
 o - 8 potions of curing
 p - 6 potions of brilliance
 t - 3 potions of agility
 z - 4 potions of might
 B - 3 potions of magic
 N - a potion of ambrosia
 P - 2 potions of berserk rage
Comestibles
 e - 25 rations {!d}


   Skills:
 + Level 13.3 Fighting
 * Level 20.7 Maces & Flails
 * Level 11.6 Bows
 + Level 14.3 Armour
 + Level 3.0 Dodging
 + Level 4.6 Stealth
   Level 2.6 Shields


You had 16 spell levels left.
You didn't know any spells.
Your spell library contained the following spells:

 Spells                   Type           Power        Failure   Level  Hunger
 Throw Frost              Conj/Ice       #.....       50%         2    ####...
 Blink Other              Tloc           #.....       69%         1    None
 Flame Tongue             Conj/Fire      #....        69%         1    None
 Poisonous Vapours        Pois/Air       #.....       83%         2    ####...
 Searing Ray              Conj           #.......     83%         2    ####...
 Conjure Flame            Conj/Fire      #.......     96%         3    #####..
 Mephitic Cloud           Conj/Pois/Air  #.......     96%         3    #####..
 Airstrike                Air            #.........   100%        4    ######.
 Fulminant Prism          Conj/Hex       #.........   100%        4    ######.
 Fireball                 Conj/Fire      #.........   100%        5    #######
 Freezing Cloud           Ice/Air        #.......     100%        5    #######
 Metabolic Englaciation   Hex/Ice        #.........   100%        5    #######
 Silence                  Hex/Air        #.........   100%        5    #######
 Steam Barrier            Chrm/Fire      #.........   100%        5    #######
 Bolt of Cold             Conj/Ice       #.........   100%        6    #######
 Conjure Ball Lightning   Conj/Air       #.........   100%        6    #######
 Deflect Missiles         Chrm/Air       #.........   100%        6    #######
 Ozocubu's Refrigeration  Ice            #.........   100%        6    #######
 Simulacrum               Ice/Necr       #.......     100%        6    #######
 Orb of Destruction       Conj           #.........   100%        7    #######
 Spellforged Servitor     Conj/Summ      #.........   100%        7    #######
 Tornado                  Tloc/Air       #.........   100%        8    #######


Dungeon Overview and Level Annotations

Branches:
Dungeon (12/12)            Temple (1/1) D:4            Lair (6/6) D:9
 Shoals (2/3) Lair:3        Snake (3/3) Lair:2        Slime (0/5) Orc
    Orc (1/1) D:11         Vaults (0/3) D:12         Forest (1/3) Lair:6
 Depths (0/5) D:12

Altars:
Ashenzari
Cheibriados
Dithmenos
Fedhas
Gozag
Hepliaklqana
Kikubaaqudgha
Lugonu
Makhleb
Nemelex Xobeh
Okawaru
Qazlal
Ru
Sif Muna
Trog
Uskayaw
Vehumet
Wu Jian
Xom
Yredelemnul
Jiyva

Shops:
D:5 (:(   D:7 %   D:8 *   D:9 [   D:10 =   D:11 ==   Orc *}:?%**   Lair:1 ?
Lair:3 [   Lair:5 [[   Shoals:1 [   Snake:1 *

Annotations:
D:4 1 runed translucent door, abyline's ghost, amateur OpTm


Innate Abilities, Weirdness & Mutations

You have hooves in place of feet.
You are completely covered in yellow scales. (AC +4, rCorr)
Your flesh is cold resistant. (rC+)
A meltable icy envelope protects you from harm. (AC +10)
You are robust. (+10% HP)
When hurt, damage is shared between your health and your magic reserves.
You regenerate magic rapidly.
You are immune to freezing clouds.
You are agile. (Dex +2)
You tend to lose your temper in combat.
You expend magic power (3 MP) to strengthen your wands.


Message History

The tentacle slaps you. The tentacle completely misses you.
Your unstable footing causes you to fumble your attack.
The tentacle closely misses you. The kraken bites you! The tentacle slaps you.
* * * LOW HITPOINT WARNING * * *
The tentacle slaps you but does no damage. x2
The tentacle barely misses you.
Your unstable footing causes you to fumble your attack.
The kraken barely misses you.
The tentacle slaps you but does no damage. x3
The tentacle slaps you!
* * * LOW HITPOINT WARNING * * *
Your unstable footing causes you to fumble your attack.
The kraken bites you!
* * * LOW HITPOINT WARNING * * *
The tentacle slaps you but does no damage. x2
The tentacle slaps you!
* * * LOW HITPOINT WARNING * * *
The tentacle slaps you!
You die...
Your body crumbles into a pile of gold.

...#####.........≈..≈≈≈≈..
≈............≈≈≈...≈≈≈≈...
≈≈≈≈........≈≈≈≈.≈≈≈≈≈≈.##
≈≈≈≈..........≈≈≈≈≈≈..≈...
≈≈≈≈≈≈≈≈........≈≈≈.≈≈≈...
≈≈≈≈≈≈≈≈≈.............≈...
≈≈≈≈≈≈≈≈≈≈.≈..≈...≈..≈≈...
P≈≈≈≈≈≈≈≈≈≈≈≈≈≈w≈≈...≈..≈.
≈≈≈≈≈≈≈≈≈≈≈≈≈≈≈w@≈.≈......
≈≈≈≈≈≈≈≈≈≈≈≈≈≈≈Xww≈.......
≈≈≈≈≈≈≈≈≈≈≈≈≈≈≈≈≈≈........
≈≈≈≈≈≈≈≈≈≈≈≈≈≈≈≈≈....≈≈≈≈≈
≈≈≈≈≈≈≈≈≈≈≈≈≈≈≈≈≈≈≈≈≈≈≈≈≈≈
≈≈≈≈≈≈≈≈≈≈≈≈≈≈≈≈≈≈≈≈≈≈≈≈≈≈
≈≈ ≈≈≈≈≈≈≈≈≈≈≈≈≈≈≈≈≈≈≈≈≈ ≈
≈≈≈≈≈≈≈≈≈≈≈≈≈≈≈≈


You could see a kraken and 4 tentacles.

Vanquished Creatures
  Frances (Snake:1)
  Jorgrun (D:12)
  A wendigo (Forest:1)
  A kraken (Shoals:2)
  5 nagarajas
  Donald (Snake:1)
  A frost giant (IceCv)
  An apis (Forest:1)
  Aizul (Snake:3)
  A spark wasp (Forest:1)
  Azrael (Snake:2)
  A dire elephant (Forest:1)
  Harold (Lair:6)
  2 merfolk impalers (Shoals:2)
  3 fire dragons
  A yaktaur captain (D:11)
  Urug (Lair:2)
  An ice dragon (D:12)
  5 hydras
  Psyche (D:12)
  13 naga warriors
  2 catoblepae
  13 anacondas
  2 alligator snapping turtles
  An ogre mage (D:11)
  2 satyrs
  2 merfolk aquamancers
  A merfolk avatar (Shoals:2)
  A deep troll shaman (Lair:6)
  13 death yaks
  8 two-headed ogres
  2 sea snakes
  2 shock serpents
  5 naga sharpshooters (Snake:3)
  8 orc high priests
  4 centaur warriors
  A fire crab (shapeshifter) (D:12)
  2 skeletal warriors
  A salamander mystic (Snake:3)
  2 unseen horrors
  7 naga ritualists
  A lindwurm (Lair:6)
  A lindwurm (shapeshifter) (Snake:3)
  A cyclops (D:11)
  2 wolf spider zombies
  A wolf spider (Forest:1)
  4 mana vipers
  7 harpies
  An orc knight (Bailey)
  5 manticores
  An orc sorcerer (Orc)
  3 oklob plants
  8 naga magi
  2 salamanders
  3 ugly things
  13 elephants
  12 fauns
  6 guardian serpents
  A torpor snail (Lair:2)
  6 will-o'-wisps (Forest:1)
  An ice statue (IceCv)
  A water nymph (Shoals:2)
  32 black mambas
  4 merfolk sirens
  5 cane toads
  A torpor snail (shapeshifter) (Snake:3)
  Joseph (D:7)
  7 komodo dragons
  2 efreet (D:11)
  2 kobold demonologists
  4 rime drakes
  11 merfolk
  27 polar bears
  A meliai (shapeshifter) (D:12)
  6 trolls
  8 slime creatures
  10 blink frogs
  2 wind drakes (Shoals:1)
  A harpy skeleton (D:7)
  4 hornets (Forest:1)
  12 hippogriffs
  A meliai zombie (D:8)
  5 snapping turtles
  4 wraiths
  5 spriggans
  5 water elementals
  Sigmund (D:5)
  A human (D:7)
  2 vampires
  2 wyverns
  2 fire elementals (Snake:2)
  3 hogs (D:7)
  4 hungry ghosts
  106 yaks
  A redback (shapeshifter) (D:12)
  2 basilisks
  9 wargs
  Edmund (D:5)
  2 vampire mosquitoes (D:11)
  A warg (shapeshifter) (D:9)
  13 crocodiles
  3 hell hounds (Snake:2)
  28 nagas
  13 water moccasins
  7 porcupines
  A swamp drake (shapeshifter) (Snake:3)
  A cane toad skeleton (D:9)
  A soldier ant (D:11)
  A sky beast (D:6)
  3 ice beasts
  9 black bears
  A phantom (D:9)
  6 necrophages
  19 orc warriors
  19 ogres
  21 wolves
  3 kobold brigands
  18 bullfrogs
  11 centaurs
  A water moccasin zombie (D:7)
  5 scorpions
  9 electric eels
  3 wights (D:7)
  31 orc priests
  6 howler monkeys
  9 crimson imps
  A wolf skeleton (D:10)
  3 quasits
  A bullfrog zombie (D:5)
  4 hounds
  3 jellies
  Crazy Yiuf (D:6)
  A bullfrog skeleton (D:5)
  5 hell rats (Lair:6)
  3 iguanas
  12 orc wizards
  5 worker ants
  A mummy (D:7)
  2 hound skeletons
  10 gnolls
  10 adders
  3 shadow imps
  An ooze (D:3)
  3 worms
  3 adder skeletons
  3 adder zombies (D:7)
  2 dart slugs (D:1)
  3 leopard geckos
  77 orcs
  A bat (shapeshifter) (Snake:3)
  2 giant cockroaches
  10 goblins
  13 hobgoblins
  2 jackals (D:2)
  4 quokkas
  4 ball pythons
  8 bats
  2 frilled lizards
  17 kobolds
  3 rats
  A fungus (Lair:5)
  2 plants
  6 tentacles (Shoals:2)
974 creatures vanquished.

Vanquished Creatures (others)
  A shock serpent (Snake:3)
  A mana viper (Snake:3)
  2 naga magi (Snake:3)
  A guardian serpent (Snake:3)
  A water nymph (Shoals:1)
  A polar bear (IceCv)
  A yak (IceCv)
  5 wolves (IceCv)
  27 fungi
  41 plants
  6 tentacles (Shoals:2)
87 creatures vanquished.

Grand Total: 1061 creatures vanquished

Notes
Turn   | Place    | Note
-------+----------+-------------------------------------------
     0 | D:1      | yrara the Demonspawn Fighter began the quest for the Orb.
     0 | D:1      | Reached XP level 1. HP: 18/18 MP: 1/1
   140 | D:1      | Reached skill level 2 in Maces & Flails
   223 | D:1      | Gained mutation: When hurt, damage is shared between your
                  | health and your magic reserves. [demonic ancestry]
   223 | D:1      | Reached XP level 2. HP: 21/24 MP: 2/2
   694 | D:2      | Gained mutation: You have large cloven feet. [demonic
                  | ancestry]
   694 | D:2      | Reached XP level 3. HP: 19/29 MP: 1/3
  1532 | D:2      | Reached skill level 3 in Maces & Flails
  1587 | D:2      | Found a bloodstained altar of Trog.
  1750 | D:3      | Found a blossoming altar of Fedhas.
  2001 | D:3      | Found a blossoming altar of Fedhas.
  2191 | D:3      | Gained mutation: You are partially covered in yellow
                  | scales. (AC +2) [demonic ancestry]
  2191 | D:3      | Reached XP level 4. HP: 35/35 MP: 4/4
  2545 | D:3      | Found a faded altar of an unknown god.
  2657 | D:4      | Noticed an ogre
  2663 | D:4      | Killed an ogre
  2664 | D:4      | Reached skill level 4 in Maces & Flails
  2664 | D:4      | Reached XP level 5. HP: 31/41 MP: 3/5
  2850 | D:4      | Gained mutation: You have hoof-like feet. [demonic
                  | ancestry]
  2850 | D:4      | Reached XP level 6. HP: 42/47 MP: 6/6
  3047 | D:4      | Found a runed translucent door.
  3048 | D:4      | Noticed abyline's ghost (amateur OpTm)
  3168 | D:4      | Reached skill level 5 in Maces & Flails
  3298 | D:4      | Found a staircase to the Ecumenical Temple.
  3358 | D:4      | Found an ancient bone altar of Kikubaaqudgha.
  3426 | D:3      | Reached skill level 1 in Dodging
  3573 | D:4      | Reached XP level 7. HP: 34/53 MP: 4/7
  3692 | D:4      | Got an encrusted dagger
  3726 | D:4      | Identified the +9 dagger of Action {pierce, MP+9} (You
                  | found it on level 4 of the Dungeon)
  3865 | Temple   | Entered the Ecumenical Temple
  3943 | Temple   | Became a worshipper of Gozag Ym Sagoz the Greedy
  3985 | D:5      | Entered Level 5 of the Dungeon
  4004 | D:5      | Reached skill level 6 in Maces & Flails
  4215 | D:5      | Noticed Sigmund
  4230 | D:5      | Killed Sigmund
  4240 | D:5      | Found Piun's Antique Weapon Shop.
  4250 | D:5      | Gained mutation: You are mostly covered in yellow scales.
                  | (AC +3) [demonic ancestry]
  4250 | D:5      | Reached XP level 8. HP: 60/61 MP: 8/8
  4321 | D:5      | Found Ewkaibys's Antique Weapon Boutique.
  4368 | D:5      | Reached skill level 7 in Maces & Flails
  4412 | D:5      | Found a shadowy altar of Dithmenos.
  4502 | D:5      | Noticed Edmund
  4712 | D:5      | Found Naodwuiq's Book Shoppe.
  4857 | D:5      | Killed Edmund
  5109 | D:6      | Reached skill level 5 in Armour
  5477 | D:6      | Found an ornate altar of the Wu Jian Council.
  5496 | D:6      | Reached skill level 8 in Maces & Flails
  5576 | D:6      | Found a runed door.
  5639 | D:6      | Found a sparkling altar of Nemelex Xobeh.
  5895 | D:6      | Noticed Crazy Yiuf
  5903 | D:6      | Killed Crazy Yiuf
  6104 | D:5      | Bought a steaming eveningstar for 500 gold pieces
  6104 | D:5      | Identified the +10 eveningstar of the Lair of Beasts
                  | {crush, rElec rN+} (You bought it in a shop on level 5 of
                  | the Dungeon)
  6199 | D:7      | Noticed a hippogriff
  6211 | D:7      | Killed a hippogriff
  6287 | D:7      | Reached skill level 9 in Maces & Flails
  6292 | D:7      | Gained mutation: Your flesh is cold resistant. (rC+)
                  | [demonic ancestry]
  6292 | D:7      | Reached XP level 9. HP: 66/66 MP: 9/9
  6412 | D:7      | Reached skill level 10 in Maces & Flails
  6627 | D:7      | Found Cudepp's Food Shop.
  6635 | D:7      | Bought a ration for 50 gold pieces
  6635 | D:7      | Bought a ration for 50 gold pieces
  6635 | D:7      | Bought a ration for 50 gold pieces
  6781 | D:7      | Noticed Joseph
  6790 | D:7      | Killed Joseph
  6791 | D:7      | Reached skill level 11 in Maces & Flails
  7025 | D:7      | Gained mutation: You regenerate magic rapidly. [demonic
                  | ancestry]
  7025 | D:7      | Reached XP level 10. HP: 51/73 MP: 8/10
  7168 | D:8      | Reached skill level 12 in Maces & Flails
  7217 | D:8      | Found Peyz's Assorted Antiques.
  7254 | D:8      | Bought a green potion for 32 gold pieces
  7293 | D:8      | Noticed a skeletal warrior
  7306 | D:8      | Killed a skeletal warrior
  7379 | D:8      | Reached skill level 13 in Maces & Flails
  7472 | D:8      | Noticed a two-headed ogre
  7478 | D:8      | Killed a two-headed ogre
  7545 | D:8      | Gained mutation: You have hooves in place of feet. [demonic
                  | ancestry]
  7545 | D:8      | Reached XP level 11. HP: 73/78 MP: 11/11
  7553 | D:8      | Reached skill level 14 in Maces & Flails
  7758 | D:8      | Got a wavering turquoise ring
  8023 | D:8      | Identified the ring of Generosity {rN+ MP-9 Dex+2 Stlth--}
                  | (You found it on level 8 of the Dungeon)
  8040 | D:9      | Found a staircase to the Lair.
  8095 | D:9      | Noticed a two-headed ogre
  8104 | D:9      | Killed a two-headed ogre
  8359 | D:9      | Reached skill level 15 in Maces & Flails
  8359 | D:9      | Noticed a red ugly thing
  8364 | D:9      | Killed a red ugly thing
  8459 | D:9      | Noticed a centaur warrior
  8467 | D:9      | Killed a centaur warrior
  8557 | D:9      | Noticed a two-headed ogre
  8572 | D:9      | Killed a two-headed ogre
  8581 | D:9      | Noticed a skeletal warrior
  8591 | D:9      | Killed a skeletal warrior
  8614 | D:9      | Noticed a centaur warrior
  8619 | D:9      | Noticed a centaur warrior
  8746 | D:9      | Killed a centaur warrior
  8764 | D:9      | Bought the cursed -3 pair of gloves of the Blacksmith
                  | {Str+7} for 114 gold pieces
  8878 | D:9      | Reached skill level 16 in Maces & Flails
  8895 | D:9      | Killed a centaur warrior
  8896 | D:9      | Gained mutation: You are completely covered in yellow
                  | scales. (AC +4, rCorr) [demonic ancestry]
  8896 | D:9      | Reached XP level 12. HP: 46/85 MP: 3/12
  9499 | D:9      | Identified a scroll of acquirement
  9499 | D:9      | Identified the +10 great mace of Zebike {freeze, rElec}
                  | (You acquired it on level 9 of the Dungeon)
  9542 | Lair:1   | Entered Level 1 of the Lair of Beasts
  9674 | Lair:1   | Reached skill level 1 in Bows
  9878 | Lair:1   | Reached skill level 1 in Stealth
 10135 | Lair:1   | Reached skill level 5 in Fighting
 10615 | Lair:2   | Got an ichor-stained plate armour
 10626 | Lair:2   | Identified the cursed +1 plate armour "Dage Dou" {*Drain
                  | +Blink +Inv Str+4} (You found it on level 2 of the Lair of
                  | Beasts)
 10832 | Lair:2   | Noticed Urug
 10841 | Lair:2   | Killed Urug
 10957 | Lair:2   | Found a staircase to the Snake Pit.
 11063 | Lair:2   | Reached XP level 13. HP: 75/94 MP: 9/13
 11143 | Lair:2   | Reached skill level 17 in Maces & Flails
 11246 | Lair:2   | Got a flickering tin amulet
 11539 | Lair:2   | Identified the amulet of the Vendetta {Inacc rF- Int+3
                  | Stlth+} (You found it on level 2 of the Lair of Beasts)
 11647 | Lair:3   | Bought the +0 hat of the Valley {rF+ Str+5} for 370 gold
                  | pieces
 11647 | Lair:3   | Bought a +1 pair of gloves of dexterity for 214 gold pieces
 11951 | Lair:3   | Found the +3 Elemental Staff {rElec rF++ rC++ MR++ AC+5}
 12190 | Lair:3   | Found a staircase to the Shoals.
 12801 | Lair:4   | Found a frozen archway.
 12941 | IceCv    | Entered an ice cave
 12966 | IceCv    | Reached skill level 5 in Bows
 13609 | IceCv    | Noticed a frost giant
 13626 | IceCv    | Killed a frost giant
 13632 | IceCv    | Gained mutation: You are robust. (+10% HP) [demonic
                  | ancestry]
 13632 | IceCv    | Reached XP level 14. HP: 84/116 MP: 14/14
 13725 | IceCv    | Identified Bootucer's Volume of Spatial Confrontation
 14920 | Lair:1   | Bought a scroll of enchant weapon for 112 gold pieces
 15599 | Lair:5   | Reached skill level 10 in Armour
 15629 | Lair:5   | Reached skill level 18 in Maces & Flails
 15967 | Lair:5   | Bought a twisted helmet for 351 gold pieces
 15977 | Lair:5   | Identified the cursed +0 helmet of the Lair of Beasts {rF+}
                  | (You bought it in a shop on level 5 of the Lair of Beasts)
 16032 | Lair:6   | Entered Level 6 of the Lair of Beasts
 16361 | Lair:6   | Noticed Harold
 16372 | Lair:6   | Killed Harold
 16472 | Lair:6   | Found a staircase to the Spriggan Forest.
 16878 | Lair:6   | Got a translucent bronze amulet
 17008 | Lair:6   | Reached skill level 10 in Fighting
 17215 | Lair:6   | Identified the cursed amulet "Jurozom" {Rage *Contam rC++
                  | Str-2 Dex+3} (You found it on level 6 of the Lair of
                  | Beasts)
 17255 | Lair:5   | Gained mutation: You are clumsy. (Dex -2) [mutagenic glow]
 17374 | D:10     | Entered Level 10 of the Dungeon
 17455 | D:10     | Found a flagged portal.
 17462 | Bailey   | Entered a bailey
 17534 | Bailey   | Found an iron altar of Okawaru.
 17706 | Bailey   | Got a transparent helmet
 17988 | D:10     | Identified the +8 great mace "Ysaoc" {freeze, Fragile
                  | Str+4} (You acquired it on level 10 of the Dungeon)
 17988 | D:10     | Identified the ring of Life {rElec rN+ Int+6 SInv} (You
                  | acquired it on level 10 of the Dungeon)
 17992 | D:10     | Identified the -2 helmet of Resourcefulness {*Corrode
                  | Int+7} (You found it in a bailey)
 17998 | D:10     | Bought a +5 ring of dexterity for 289 gold pieces
 18337 | D:10     | Reached XP level 15. HP: 126/126 MP: 15/15
 18873 | D:11     | Found a staircase to the Orcish Mines.
 19896 | Orc      | Entered the Orcish Mines
 20345 | Orc      | Reached skill level 19 in Maces & Flails
 20359 | Orc      | Found a roughly hewn altar of Beogh.
 20440 | Orc      | Found a roughly hewn altar of Beogh.
 20618 | Orc      | Found Sasusyt's Assorted Antiques.
 20668 | Orc      | Found Zoqyutox's Magic Scroll Shop.
 20668 | Orc      | Found Vanexue's Food Shoppe.
 20706 | Orc      | Found Egoh's Assorted Antiques.
 20715 | Orc      | Bought a dented zirconium amulet for 115 gold pieces
 20848 | Orc      | Found Zuxzib's Book Shoppe.
 20915 | Orc      | Found Cenoem's Gadget Shop.
 20983 | Orc      | Found Jeov Mis's Assorted Antiques.
 21008 | Orc      | Found a viscous altar of Jiyva.
 21011 | Orc      | Found a staircase to the Slime Pits.
 21345 | D:11     | Bought the amulet of Meabb {Acrobat rC+ rN+ Slay+3} for 942
                  | gold pieces
 21358 | D:12     | Entered Level 12 of the Dungeon
 21415 | D:12     | Noticed Psyche
 21423 | D:12     | Killed Psyche
 21455 | D:12     | Found a gate to the Vaults.
 21531 | D:12     | Found a staircase to the Depths.
 21612 | D:12     | Noticed Jorgrun
 21621 | D:12     | Killed Jorgrun
 22299 | Snake:1  | Entered Level 1 of the Snake Pit
 22299 | Snake:1  | Noticed a nagaraja
 22303 | Snake:1  | Killed a nagaraja
 22387 | Snake:1  | Noticed Frances
 22391 | Snake:1  | Noticed a nagaraja
 22402 | Snake:1  | Killed Frances
 22409 | Snake:1  | Killed a nagaraja
 22530 | Snake:1  | Gained mutation: You are immune to freezing clouds.
                  | [demonic ancestry]
 22530 | Snake:1  | Reached XP level 16. HP: 110/137 MP: 12/16
 23198 | Snake:1  | Noticed Donald
 23203 | Snake:1  | Killed Donald
 23688 | Snake:1  | Bought a glittering tin ring for 160 gold pieces
 23688 | Snake:1  | Identified the cursed ring "Ytuggonk" {Ice Str+3} (You
                  | bought it in a shop on level 1 of the Snake Pit)
 24033 | Snake:2  | Noticed Azrael
 24040 | Snake:2  | Killed Azrael
 24633 | Snake:3  | Entered Level 3 of the Snake Pit
 24735 | Snake:3  | Reached skill level 10 in Bows
 25118 | Snake:3  | Reached skill level 20 in Maces & Flails
 25147 | Snake:3  | Found a shimmering altar of Xom.
 25149 | Snake:3  | Found a shimmering altar of Xom.
 25180 | Snake:3  | Found a shimmering altar of Xom.
 25181 | Snake:3  | Found a shimmering altar of Xom.
 25186 | Snake:3  | Found a shimmering altar of Xom.
 25206 | Snake:3  | Noticed a storm dragon
 25206 | Snake:3  | a death yak changed into a storm dragon
 25207 | Snake:3  | Noticed a caustic shrike
 25207 | Snake:3  | an alligator snapping turtle changed into a caustic shrike
 25208 | Snake:3  | a storm dragon changed into an ettin
 25712 | Snake:3  | Gained mutation: A meltable icy envelope protects you from
                  | harm. (AC +10) [demonic ancestry]
 25712 | Snake:3  | Reached XP level 17. HP: 81/148 MP: 17/17
 26154 | Snake:3  | Found a shimmering altar of Xom.
 26160 | Snake:3  | Found a shimmering altar of Xom.
 26161 | Snake:3  | Got a serpentine rune of Zot
 26240 | Snake:3  | Noticed Aizul
 26253 | Snake:3  | Killed Aizul
 26654 | Forest:1 | Entered Level 1 of the Spriggan Forest
 27248 | Forest:1 | Noticed a wendigo
 27252 | Forest:1 | Killed a wendigo
 27892 | Forest:1 | Lost mutation: You are clumsy. (Dex -2) [potion of
                  | mutation]
 27892 | Forest:1 | Gained mutation: Your spells are a little easier to cast,
                  | but a little less powerful. [potion of mutation]
 27892 | Forest:1 | Gained mutation: You tend to lose your temper in combat.
                  | [potion of mutation]
 27892 | Forest:1 | Gained mutation: Your mind is acute. (Int +2) [potion of
                  | mutation]
 27893 | Forest:1 | Lost mutation: Your mind is acute. (Int +2) [potion of
                  | mutation]
 27893 | Forest:1 | Lost mutation: Your spells are a little easier to cast, but
                  | a little less powerful. [potion of mutation]
 27893 | Forest:1 | Gained mutation: You expend magic power (3 MP) to
                  | strengthen your wands. [potion of mutation]
 27893 | Forest:1 | Gained mutation: You are agile. (Dex +2) [potion of
                  | mutation]
 28021 | Shoals:1 | Entered Level 1 of the Shoals
 28435 | Shoals:1 | Bought a brightly glowing cloak for 304 gold pieces
 28435 | Shoals:1 | Identified the cursed +0 cloak of Ulilobri {rN+ Str+3
                  | Stlth+} (You bought it in a shop on level 1 of the Shoals)
 28435 | Shoals:1 | Bought a fading cloak for 304 gold pieces
 28435 | Shoals:1 | Identified the +2 cloak of a Billion Yaks {rN+ Dex+2
                  | Slay+3} (You bought it in a shop on level 1 of the Shoals)
 28843 | Shoals:1 | Bought a slimy chain mail for 304 gold pieces
 28843 | Shoals:1 | Identified the +8 chain mail of the Unbroken {+Inv} (You
                  | bought it in a shop on level 1 of the Shoals)
 29371 | Shoals:2 | Noticed a kraken
 29761 | Shoals:2 | Killed a kraken
 29934 | Shoals:2 | Noticed a kraken
 29953 | Shoals:2 | HP: 6/150 [tentacle[a kraken] (14)]
 29953 | Shoals:2 | Slain by a tentacle

Skill      XL: |  1  2  3  4  5  6  7  8  9 10 11 12 13 14 15 16 17 |
---------------+----------------------------------------------------+-----
Maces & Flails | 2 3 4 5 6 9 11 13 16 17 18 19 20 | 20.7
Armour         | 3 4 5 7 9 11 12 13 14 | 14.3
Dodging        | 1 2 3 |  3.0
Fighting       | 4 6 8 10 11 12 13 | 13.3
Bows           | 4 5 7 9 10 11 | 11.6
Stealth        | 2 3 4 |  4.6
Shields        | |  2.6

Action                   |  1- 3 |  4- 6 |  7- 9 | 10-12 | 13-15 | 16-18 || total
-------------------------+-------+-------+-------+-------+-------+-------++-------
Melee: Flail             |   113 |    95 |   119 |       |       |       ||   327
       Kick              |    14 |    26 |    57 |   104 |   335 |   225 ||   761
       Eveningstar       |       |       |    96 |   422 |  1007 |   569 ||  2094
 Fire: Longbow           |       |       |       |       |    99 |   143 ||   242
Invok: Call Merchant     |       |       |       |     2 |     6 |     2 ||    10
  Use: Scroll            |    11 |       |     5 |    11 |    26 |     6 ||    59
       Potion            |       |     1 |     1 |       |       |     6 ||     8
 Stab: Distracted        |       |       |       |     7 |     4 |     6 ||    17
       Petrified         |       |       |       |       |     6 |       ||     6
       Petrifying        |       |       |       |       |     2 |       ||     2
  Eat: Chunk             |     8 |     7 |     2 |       |       |       ||    17
       Ration            |       |       |     5 |     6 |    18 |    10 ||    39
Armor: Scale mail        |    60 |    43 |    99 |       |       |       ||   202
       Plate armour      |       |       |       |   246 |   452 |   360 ||  1058
       Chain mail        |       |       |       |       |       |   135 ||   135
Dodge: Dodged            |    61 |    42 |    95 |   123 |   296 |   389 ||  1006
Block: Other             |       |       |       |    21 |   181 |       ||   202
       Reflection        |       |       |       |       |     8 |       ||     8
